 Dungeon Crawl Stone Soup version 0.28.0-49-g6dfe1f597d (webtiles) character file.

Game seed: 12883374361968818899

110 Gabide the Poker (level 5, 0/41 HPs)
             Began as a Human Monk on May 12, 2022.
             Slain by a sky beast (4 damage)
             ... on level 4 of the Dungeon.
             The game lasted 00:03:17 (3327 turns).

Gabide the Poker (Human Monk)                       Turns: 3327, Time: 00:03:18

Health: 0/41       AC:  7    Str: 13    XL:     5   Next: 14%
Magic:  5/5        EV: 12    Int: 17    God:
Gold:   77         SH:  5    Dex: 15    Spells: 4/4 levels left

rFire   . . .      SeeInvis .   a - +0 spear
rCold   . . .      Faith    .   f - +0 buckler
rNeg    . . .      Spirit   .   b - +0 robe
rPois   .          Reflect  .   (no helmet)
rElec   .          Harm     .   h - +0 cloak
rCorr   .          Rampage  .   (no gloves)
Will    .....                   (no boots)
Stlth   ++........              (no amulet)
HPRegen 0.13/turn               j - +6 ring of intelligence
MPRegen 0.09/turn               i - +4 ring of protection

@: mighty
A: no striking features
a: no special abilities


You were on level 4 of the Dungeon.
You visited 1 branch of the dungeon, and saw 4 of its levels.

You collected 77 gold pieces.

Inventory:

Hand Weapons
 a - a +0 spear (weapon)
Armour
 b - a +0 robe (worn)
 f - a +0 buckler (worn)
 h - a +0 cloak (worn)
Jewellery
 i - a +4 ring of protection (right hand)
 j - a +6 ring of intelligence (left hand)
Scrolls
 c - a scroll of teleportation
 e - a scroll of amnesia {unknown}
 g - a scroll of magic mapping {unknown}
 l - a scroll of summoning {unknown}
 m - 2 scrolls of vulnerability
 n - a scroll of silence {unknown}
Potions
 k - a potion of heal wounds {unknown}


   Skills:
 - Level 3.0 Fighting
 + Level 4.6 Polearms
 - Level 3.0 Dodging
 - Level 2.0 Stealth
 * Level 2.6 Shields


You had 4 spell levels left.
You didn't know any spells.
Your spell library was empty.

Dungeon Overview and Level Annotations

Branches:
Dungeon (4/15)
 Temple: D:4-7

Altars:

Shops:
D:1 =


Message History

Deactivating autopickup; reactivate with Ctrl-A.
Something hits you but does no damage.
You hit something but do no damage.
A sky beast appears from thin air!
Reactivating autopickup.
The sky beast hits you. The sky beast shocks you.
You hit the sky beast but do no damage.
The sky beast is moderately wounded.
The sky beast hits you but does no damage.
You hit the sky beast.
The sky beast is heavily wounded.
You hit the sky beast.
The sky beast is heavily wounded.
The sky beast flickers out of sight!
Deactivating autopickup; reactivate with Ctrl-A.
Something hits you but does no damage.
You barely miss something. Something hits you but does no damage.
You hit something. Something hits you but does no damage.
You closely miss something. Something hits you but does no damage.
You hit something.
A sky beast appears from thin air!
Reactivating autopickup.
The sky beast hits you. The sky beast shocks you.
You hit the sky beast but do no damage.
The sky beast is severely wounded.
You block the sky beast's attack.
You closely miss the sky beast.
The sky beast is severely wounded.
The sky beast barely misses you.
You hit the sky beast but do no damage.
The sky beast is severely wounded.
The sky beast hits you. The sky beast shocks you.
* * * LOW HITPOINT WARNING * * *
You feel very mighty all of a sudden. The sky beast hits you.
* * * LOW HITPOINT WARNING * * *
The sky beast shocks you.
* * * LOW HITPOINT WARNING * * *
You barely miss the sky beast.
The sky beast is heavily wounded.
The sky beast hits you.
You die...

## .. # #
### . .#.
....#.#.#
###...#.###
..........#
#Y# #@#
#.#.# #.#.#
#.#.# #|#.#
#.#.#
#.#.##
#....#
#....#


You could see a sky beast.

Vanquished Creatures
  4 adders
  2 dart slugs
  7 bats
  3 endoplasms
  4 giant cockroaches
  7 goblins
  10 hobgoblins
  6 jackals
  6 kobolds
  A quokka (D:1)
  2 ball pythons
  7 frilled lizards
  6 rats
65 creatures vanquished.

Vanquished Creatures (others)
  2 fungi (D:1)
  A plant (D:1)
3 creatures vanquished.

Grand Total: 68 creatures vanquished

Notes
Turn   | Place    | Note
-------+----------+-------------------------------------------
     0 | D:1      | Gabide the Human Monk began the quest for the Orb.
     0 | D:1      | Reached XP level 1. HP: 18/18 MP: 1/1
   119 | D:1      | Found Tabbyum's Jewellery Shop.
   125 | D:1      | Reached XP level 2. HP: 24/24 MP: 2/2
   326 | D:1      | Reached skill level 4 in Polearms
   326 | D:1      | Reached XP level 3. HP: 26/29 MP: 3/3
   889 | D:1      | Found a faded altar of an unknown god.
  1238 | D:2      | Reached skill level 1 in Shields
  1379 | D:2      | You fall into a shaft and drop 1 floor!
  1575 | D:2      | Reached XP level 4. HP: 33/35 MP: 4/4
  2751 | D:3      | Reached XP level 5. HP: 22/41 MP: 5/5
  3287 | D:4      | Noticed a sky beast
  3327 | D:4      | Slain by a sky beast

Illustrated notes

Levels and vault maps discovered:
D:1:      ncdulo_halloftheorcs, layout_basic,
          shapermc_ecumenical_altar_mp_urbaneastern, serial_shops, shop,
          kennysheep_pointless_box
D:2:      layout_loops_corners
D:3:      layout_loops_ring, hangedman_decor_diamond_cutter,
          grunt_decor_arrowhead, minmay_misc_feat_diagonals, minmay_misc_feat_x
D:4:      layout_loops_ring, minmay_temple_entry_junction,
          nicolae_shop_self_help, uniq_pikel

Skill      XL: |  1  2  3  4 |
---------------+-------------+-----
Polearms       | 4 |  4.6
Shields        | 1 2 |  2.6
Fighting       | |  3.0
Dodging        | |  3.0
Stealth        | |  2.0

Action                   |  1- 3 |  4- 6 || total
-------------------------+-------+-------++-------
Melee: Spear             |   125 |   138 ||   263
       Punch             |     2 |       ||     2
  Use: Scroll            |     2 |     1 ||     3
       Potion            |       |     2 ||     2
 Stab: Sleeping          |    13 |     4 ||    17
Armor: Robe              |    14 |    29 ||    43
Dodge: Dodged            |    50 |    56 ||   106
Block: Buckler           |     2 |    19 ||    21
